Maple Leafs vs Senateurs
Created - January 30, 2022 at 19:45
Goals
|
| Maple Leafs |
0 |
0 |
1 |
1 |
| Senateurs |
1 |
0 |
1 |
2 |
|
Shots
|
| Maple Leafs |
6 |
8 |
13 |
27 |
| Senateurs |
7 |
9 |
12 |
28 |
|
1st period
1. Senateurs , Sidney Crosby 15 (Bobby Ryan 10) at 14:14 (PP)
Penalties :
Matt Martin (Ott) for Roughing (Minor) at 5:03, Patrice Cormier (TOR) for Boarding (Minor) at 13:48, Braydon Coburn (TOR) for Interference (Minor) at 14:10
2nd period
No Goal
Penalties :
Andre Burakovsky (TOR) for Kneeing (Major) at 7:15, Michael Raffl (Ott) for Interference (Minor) at 14:23, Sidney Crosby (Ott) for Hooking (Minor) at 18:08
3rd period
2. Senateurs , Matt Martin 9 (Rickard Rakell 10, Jean-Gabriel Pageau 7) at 8:19
3. Maple Leafs , Brandon Saad 2 (Beau Bennett 4, Zach Werenski 9) at 13:41
Penalties :
No Penalty
Goalie Stats
Martin Jones (TOR), 26 saves from 28 shots - (0.929), L, 5-4-0, 60:00 minutes
Viktor Fasth (Ott), 26 saves from 27 shots - (0.963), W, 7-3-0, 60:00 minutes
Players Stats for Maple Leafs
Player Name G A P +/- PIM S H SB GA TA FO MP PP MP PK MP
------------------------------------------------------------------------------------
Andre Burakovsky 0 0 0 0 5 1 1 1 0 0 0/1 14:51 2:36 0:00
Beau Bennett 0 1 1 1 0 0 1 1 0 0 0/0 9:49 0:00 0:00
Bo Horvat 0 0 0 0 0 1 0 1 1 1 3/4 16:14 2:36 1:44
Brandon Saad 1 0 1 1 0 1 1 0 0 0 0/0 12:03 0:00 1:52
Brayden Schenn 0 0 0 -1 0 4 2 0 0 0 14/23 21:00 3:21 3:10
Braydon Coburn 0 0 0 -1 2 1 2 3 0 0 0/0 18:36 0:00 2:36
Claude Giroux 0 0 0 -1 0 4 0 0 0 0 0/2 22:02 3:21 3:16
Hampus Lindholm 0 0 0 0 0 2 3 1 0 1 0/0 25:35 2:59 3:14
Jake Guentzel 0 0 0 0 0 1 1 0 0 0 0/2 17:12 2:36 2:23
John Klingberg 0 0 0 0 0 3 0 0 0 1 0/0 25:04 2:58 2:22
Jon Merrill 0 0 0 -1 0 1 1 2 0 0 0/0 21:43 2:58 3:58
Logan Couture 0 0 0 1 0 2 2 0 0 0 3/4 13:28 0:00 2:02
Patrice Cormier 0 0 0 0 2 2 0 0 0 0 2/3 8:53 0:00 0:00
Patrick Kane 0 0 0 -1 0 2 0 2 1 1 1/3 18:46 3:21 0:00
Pontus Aberg 0 0 0 0 0 1 1 0 0 0 0/0 8:54 0:00 0:00
Ryan Parent 0 0 0 1 0 0 0 0 0 0 0/0 13:46 0:00 1:54
Tim Schaller 0 0 0 0 0 1 0 0 0 0 0/0 9:03 0:00 0:09
Zach Werenski 0 1 1 1 0 0 2 0 0 0 0/0 15:34 2:59 0:35
Players Stats for Senateurs
Player Name G A P +/- PIM S H SB GA TA FO MP PP MP PK MP
------------------------------------------------------------------------------------
Bobby Ryan 0 1 1 0 0 6 2 0 0 0 0/0 15:18 3:24 0:00
Brandon Burlon 0 0 0 0 0 1 1 0 0 0 0/0 14:20 0:51 0:00
Cody Franson 0 0 0 -1 0 1 0 0 0 0 0/0 21:44 2:44 2:57
Eric Gelinas 0 0 0 1 0 0 2 0 0 0 0/0 24:04 3:47 3:00
Jean-Gabriel Pageau 0 1 1 0 0 1 2 0 0 0 4/9 16:51 2:38 2:05
Loui Eriksson 0 0 0 0 0 0 1 0 0 0 0/0 9:45 1:25 0:00
Matt Martin 1 0 1 0 2 3 2 2 0 1 0/1 18:55 3:12 2:15
Michael Raffl 0 0 0 0 2 0 0 0 0 0 0/0 13:52 1:11 1:36
Mike Green 0 0 0 1 0 0 0 1 0 1 0/0 24:04 3:47 3:00
Nate Prosser 0 0 0 0 0 1 1 0 0 0 0/0 14:12 0:49 0:00
Peter Mueller 0 0 0 0 0 1 1 0 0 0 1/2 9:37 0:47 0:19
Reilly Smith 0 0 0 0 0 1 4 0 0 0 0/3 18:48 2:38 2:00
Rickard Rakell 0 1 1 0 0 4 1 0 2 0 1/1 12:55 0:36 0:00
Rostislav Olesz 0 0 0 0 0 1 1 0 1 0 0/1 17:43 2:38 1:25
Ryan Getzlaf 0 0 0 0 0 0 1 0 1 0 1/3 11:02 0:00 0:00
Sergei Kostitsyn 0 0 0 0 0 5 0 0 0 0 0/0 8:35 0:07 0:00
Sidney Crosby 1 0 1 0 2 3 0 1 0 0 12/22 20:39 3:24 2:14
Taylor Chorney 0 0 0 -1 0 0 0 1 0 0 0/0 21:36 2:42 2:57
3 Stars
1 - Viktor Fasth (Ott)
2 - Brandon Saad (TOR)
3 - Matt Martin (Ott)
Power Play
Maple Leafs - 0 on 3 Attempt(s) - 0.00%
Senateurs - 1 on 3 Attempt(s) - 33.33%
Penalty Kill
Maple Leafs - 2 on 3 Attempt(s) - 66.67%
- Score 0 goal in Penalty Kill
Senateurs - 3 on 3 Attempt(s) - 100.00%
- Score 0 goal in Penalty Kill
Team Stat
Maple Leafs - Hits : 17 - Faceoff Wins : 23 - Blocked Shots : 11 - Penalty Minutes : 9
Senateurs - Hits : 19 - Faceoff Wins : 19 - Blocked Shots : 5 - Penalty Minutes : 6
Official
Referees : Francis Charron and Jon McIsaac
Linesman : Ryan Gibbons and Steve Miller
Game Notes
No Game Note
Finance
Level 1 -- Attendance: 6000 (100.00%) -- Ticket Income $600,000
Level 2 -- Attendance: 5000 (100.00%) -- Ticket Income $300,000
Level 3 -- Attendance: 2000 (100.00%) -- Ticket Income $70,000
Level 4 -- Attendance: 4000 (100.00%) -- Ticket Income $100,000
Luxury Box -- Attendance: 998 (99.80%) -- Ticket Income $199,600
Game was played at the Centre Canadian Tire.
Total Attendance: 17998 (99.99%)
Total Ticket Income: $1,269,600
Other Income: $190,440
Total Income: $1,460,040
Maple Leafs
5 vs 5 Forward
Center Left Wing Right Wing Time % Phy DF OF
1 Brayden Schenn Claude Giroux Patrick Kane 40 1 2 2
2 Bo Horvat Jake Guentzel Andre Burakovsky 30 1 2 2
3 Logan Couture Brandon Saad Beau Bennett 20 1 2 2
4 Patrice Cormier Tim Schaller Pontus Aberg 10 1 2 2
5 vs 5 Defense
Defense Defense Time % Phy DF OF
1 Hampus Lindholm John Klingberg 40 1 2 2
2 Jon Merrill Braydon Coburn 30 1 2 2
3 Ryan Parent Zach Werenski 20 1 2 2
4 Hampus Lindholm John Klingberg 10 1 2 2
PowerPlay Forward
Center Left Wing Right Wing Time % Phy DF OF
1 Brayden Schenn Claude Giroux Patrick Kane 60 1 2 2
2 Bo Horvat Jake Guentzel Andre Burakovsky 40 1 2 2
PowerPlay Defense
Defense Defense Time % Phy DF OF
1 Hampus Lindholm Zach Werenski 60 1 2 2
2 Jon Merrill John Klingberg 40 1 2 2
Penalty Kill 4 Players Forward
Center Wing Time % Phy DF OF
1 Brayden Schenn Claude Giroux 60 1 2 2
2 Logan Couture Jake Guentzel 40 1 2 2
Penalty Kill 4 Players Defense
Defense Defense Time % Phy DF OF
1 Jon Merrill Braydon Coburn 60 1 2 2
2 Hampus Lindholm John Klingberg 40 1 2 2
Penalty Kill - 3 Players Forward
Forward Time % Phy DF OF
1 Patrice Cormier 60 1 2 2
2 Logan Couture 40 1 2 2
Penalty Kill - 3 Players Defense
Defense Defense Time % Phy DF OF
1 Braydon Coburn Jon Merrill 60 1 2 2
2 Hampus Lindholm John Klingberg 40 1 2 2
4 vs 4 Forward
Center Wing Time % Phy DF OF
1 Brayden Schenn Claude Giroux 60 1 2 2
2 Logan Couture Jake Guentzel 40 1 2 2
4 vs 4 Defense
Defense Defense Time % Phy DF OF
1 Hampus Lindholm John Klingberg 60 1 2 2
2 Jon Merrill Braydon Coburn 40 1 2 2
Last Minutes Offensive
Center Left Wing Right Wing Defense Defense
Brayden Schenn Claude Giroux Patrick Kane Hampus Lindholm John Klingberg
Last Minutes Defensive
Center Left Wing Right Wing Defense Defense
Brayden Schenn Claude Giroux Patrick Kane Braydon Coburn Jon Merrill
Goaltenders
Starting : Martin Jones
Backup : John Gibson
Extra Forwards
Normal : Jake Guentzel, Andre Burakovsky, Bo Horvat - PP : Jake Guentzel, Logan Couture - PK : Jake Guentzel
Extra Defensemen
Normal : Braydon Coburn, Ryan Parent, Zach Werenski - PP : Braydon Coburn - PK : Braydon Coburn, Ryan Parent
Penalty Shots
Claude Giroux, Patrick Kane, Brayden Schenn, Andre Burakovsky, Jake Guentzel
Scratches
None
Senateurs
5 vs 5 Forward
Center Left Wing Right Wing Time % Phy DF OF
1 Sidney Crosby Rostislav Olesz Reilly Smith 40 0 1 4
2 Jean-Gabriel Pageau Matt Martin Rickard Rakell 35 0 1 4
3 Ryan Getzlaf Michael Raffl Bobby Ryan 15 0 2 3
4 Peter Mueller Sergei Kostitsyn Loui Eriksson 10 0 3 2
5 vs 5 Defense
Defense Defense Time % Phy DF OF
1 Eric Gelinas Mike Green 40 0 2 3
2 Cody Franson Taylor Chorney 30 0 2 3
3 Brandon Burlon Nate Prosser 20 0 3 2
4 Eric Gelinas Mike Green 10 0 3 2
PowerPlay Forward
Center Left Wing Right Wing Time % Phy DF OF
1 Sidney Crosby Matt Martin Bobby Ryan 60 0 1 4
2 Jean-Gabriel Pageau Rostislav Olesz Reilly Smith 40 0 1 4
PowerPlay Defense
Defense Defense Time % Phy DF OF
1 Eric Gelinas Mike Green 60 0 1 4
2 Cody Franson Taylor Chorney 40 0 1 4
Penalty Kill 4 Players Forward
Center Wing Time % Phy DF OF
1 Sidney Crosby Matt Martin 60 0 3 2
2 Jean-Gabriel Pageau Rostislav Olesz 40 0 3 2
Penalty Kill 4 Players Defense
Defense Defense Time % Phy DF OF
1 Eric Gelinas Mike Green 60 1 3 1
2 Cody Franson Taylor Chorney 40 1 3 1
Penalty Kill - 3 Players Forward
Forward Time % Phy DF OF
1 Sidney Crosby 60 0 4 1
2 Jean-Gabriel Pageau 40 0 4 1
Penalty Kill - 3 Players Defense
Defense Defense Time % Phy DF OF
1 Eric Gelinas Mike Green 60 0 4 1
2 Cody Franson Taylor Chorney 40 0 4 1
4 vs 4 Forward
Center Wing Time % Phy DF OF
1 Sidney Crosby Matt Martin 60 0 2 3
2 Jean-Gabriel Pageau Rostislav Olesz 40 0 2 3
4 vs 4 Defense
Defense Defense Time % Phy DF OF
1 Eric Gelinas Mike Green 60 0 2 3
2 Cody Franson Taylor Chorney 40 0 2 3
Last Minutes Offensive
Center Left Wing Right Wing Defense Defense
Sidney Crosby Matt Martin Bobby Ryan Eric Gelinas Mike Green
Last Minutes Defensive
Center Left Wing Right Wing Defense Defense
Sidney Crosby Matt Martin Bobby Ryan Eric Gelinas Mike Green
Goaltenders
Starting : Viktor Fasth
Backup : Brian Elliott
Extra Forwards
Normal : Reilly Smith, Loui Eriksson, Rostislav Olesz - PP : Reilly Smith, Loui Eriksson - PK : Reilly Smith
Extra Defensemen
Normal : Taylor Chorney, Brandon Burlon, Nate Prosser - PP : Taylor Chorney - PK : Taylor Chorney, Brandon Burlon
Penalty Shots
Sidney Crosby, Matt Martin, Jean-Gabriel Pageau, Bobby Ryan, Reilly Smith
Scratches
A.J. Jenks (Healthy), Anthony Bitetto (Healthy), T.J. Fast (Healthy)
% Time on Ice - Maple Leafs
Lines # - Real PCT - Wanted PCT - Time Play
Normal Forward
1 - 32% - 40% - 14:40
2 - 27% - 30% - 12:24
3 - 21% - 20% - 9:38
4 - 20% - 10% - 8:54
Normal Defense
1 - 42% - 40% - 19:14
2 - 31% - 30% - 14:21
3 - 24% - 20% - 10:45
4 - 3% - 10% - 1:16
PP Forward
1 - 56% - 60% - 3:21
2 - 44% - 40% - 2:36
PP Defense
1 - 50% - 60% - 2:59
2 - 50% - 40% - 2:58
PK Forward
1 - 73% - 60% - 5:19
2 - 27% - 40% - 1:57
PK Defense
1 - 59% - 60% - 4:19
2 - 41% - 40% - 2:57
PK3 Forward
1 - 100% - 60% - 0:04
2 - 0% - 40% - 0:00
PK3 Defense
1 - 100% - 60% - 0:04
2 - 0% - 40% - 0:00
44 Forward
1 - 0% - 60%
2 - 0% - 40%
44 Defense
1 - 0% - 60%
2 - 0% - 40%
Last Minute Offensive - 1:07
Last Minute Defensive - 0:00
Total
Forward - 60:00
Defense - 60:00
|
% Time on Ice - Senateurs
Lines # - Real PCT - Wanted PCT - Time Play
Normal Forward
1 - 31% - 40% - 13:58
2 - 27% - 35% - 12:13
3 - 24% - 15% - 11:02
4 - 18% - 10% - 8:22
Normal Defense
1 - 38% - 40% - 17:23
2 - 33% - 30% - 14:49
3 - 29% - 20% - 13:23
4 - 0% - 10% - 0:00
PP Forward
1 - 64% - 60% - 4:42
2 - 36% - 40% - 2:38
PP Defense
1 - 56% - 60% - 4:07
2 - 44% - 40% - 3:13
PK Forward
1 - 89% - 60% - 5:19
2 - 11% - 40% - 0:38
PK Defense
1 - 50% - 60% - 3:00
2 - 50% - 40% - 2:57
PK3 Forward
1 - 0% - 60%
2 - 0% - 40%
PK3 Defense
1 - 0% - 60%
2 - 0% - 40%
44 Forward
1 - 0% - 60%
2 - 0% - 40%
44 Defense
1 - 0% - 60%
2 - 0% - 40%
Last Minute Offensive - 0:00
Last Minute Defensive - 1:08
Total
Forward - 60:00
Defense - 60:00
|
Play-by-Play
1st period
0:01 of 1st period - Brayden Schenn wins face-off versus Sidney Crosby in neutral zone.
0:04 of 1st period - Mike Green is hit by Hampus Lindholm and loses puck.
1:14 of 1st period - Snap shot by Pontus Aberg.
1:14 of 1st period - Shot Misses the Net.
1:31 of 1st period - Patrice Cormier is hit by Nate Prosser and loses puck.
1:52 of 1st period - Slapshot by Sergei Kostitsyn.
1:52 of 1st period - Stopped by Martin Jones with a rebound.
2:12 of 1st period - Slapshot by Sergei Kostitsyn.
2:12 of 1st period - Shot Blocked by Hampus Lindholm.
2:14 of 1st period - Slapshot by Nate Prosser.
2:14 of 1st period - Deflect By Sergei Kostitsyn.
2:14 of 1st period - Stopped by Martin Jones without a rebound.
2:15 of 1st period - Brayden Schenn wins face-off versus Jean-Gabriel Pageau in Maple Leafs zone.
3:12 of 1st period - Snap shot by Brandon Saad.
3:12 of 1st period - Deflect By Logan Couture.
3:12 of 1st period - Deflect By Sidney Crosby.
3:12 of 1st period - Stopped by Viktor Fasth with a rebound.
3:34 of 1st period - Snap shot by Matt Martin.
3:34 of 1st period - Shot Misses the Net.
3:46 of 1st period - Slapshot by Bobby Ryan.
3:46 of 1st period - Shot Misses the Net.
3:48 of 1st period - Wrist shot by Nate Prosser.
3:48 of 1st period - Stopped by Martin Jones with a rebound.
4:14 of 1st period - Wrist shot by Tim Schaller.
4:14 of 1st period - Deflect By Patrice Cormier.
4:14 of 1st period - Stopped by Viktor Fasth without a rebound.
4:15 of 1st period - Patrice Cormier wins face-off versus Jean-Gabriel Pageau in Senateurs zone.
4:18 of 1st period - Snap shot by Patrice Cormier.
4:18 of 1st period - Deflect By Tim Schaller.
4:18 of 1st period - Shot Misses the Net.
4:18 of 1st period - Puck is out of play.
4:19 of 1st period - Patrice Cormier wins face-off versus Sidney Crosby in Senateurs zone.
4:52 of 1st period - Eric Gelinas is hit by Jon Merrill and loses puck.
5:03 of 1st period - Minor Penalty to Matt Martin for Roughing.
5:04 of 1st period - Sidney Crosby wins face-off versus Claude Giroux in Senateurs zone.
7:03 of 1st period - Penalty to Matt Martin is over, Matt Martin is back on ice.
7:11 of 1st period - Sergei Kostitsyn is hit by Brandon Saad and loses puck.
8:38 of 1st period - Snap shot by Michael Raffl.
8:38 of 1st period - Shot Blocked by Patrick Kane.
9:06 of 1st period - Wrist shot by Ryan Getzlaf.
9:06 of 1st period - Deflect By Bobby Ryan.
9:06 of 1st period - Shot Misses the Net.
9:06 of 1st period - Puck is out of play.
9:07 of 1st period - Logan Couture wins face-off versus Ryan Getzlaf in Maple Leafs zone.
10:55 of 1st period - Slapshot by Hampus Lindholm.
10:55 of 1st period - Stopped by Viktor Fasth with a rebound.
10:57 of 1st period - Wrist shot by Hampus Lindholm.
10:57 of 1st period - Stopped by Viktor Fasth with a rebound.
11:17 of 1st period - Snap shot by Bo Horvat.
11:17 of 1st period - Stopped by Viktor Fasth with a rebound.
11:25 of 1st period - Snap shot by Bobby Ryan.
11:25 of 1st period - Shot Misses the Net.
12:09 of 1st period - Snap shot by Jake Guentzel.
12:09 of 1st period - Stopped by Viktor Fasth with a rebound.
12:15 of 1st period - Snap shot by Ryan Getzlaf.
12:15 of 1st period - Shot Misses the Net.
12:17 of 1st period - Snap shot by Ryan Getzlaf.
12:17 of 1st period - Deflect By Bobby Ryan.
12:17 of 1st period - Stopped by Martin Jones without a rebound.
12:18 of 1st period - Brayden Schenn wins face-off versus Sidney Crosby in Maple Leafs zone.
12:33 of 1st period - Claude Giroux is hit by Rostislav Olesz and loses puck.
12:41 of 1st period - Icing by Zach Werenski.
12:42 of 1st period - Jean-Gabriel Pageau wins face-off versus Brayden Schenn in Maple Leafs zone.
13:38 of 1st period - Wrist shot by Sergei Kostitsyn.
13:38 of 1st period - Stopped by Martin Jones with a rebound.
13:48 of 1st period - Minor Penalty to Patrice Cormier for Boarding.
13:49 of 1st period - Sidney Crosby wins face-off versus Brayden Schenn in Maple Leafs zone.
13:58 of 1st period - Snap shot by Matt Martin.
13:58 of 1st period - Shot Misses the Net.
14:10 of 1st period - Minor Penalty to Braydon Coburn for Interference.
14:11 of 1st period - Sidney Crosby wins face-off versus Jake Guentzel in Maple Leafs zone.
14:12 of 1st period - Snap shot by Bobby Ryan.
14:12 of 1st period - Stopped by Martin Jones with a rebound.
14:14 of 1st period - Wrist shot by Sidney Crosby.
14:14 of 1st period - Goal by Sidney Crosby - Maple Leafs : 0 - Senateurs : 1.
14:15 of 1st period - Brayden Schenn wins face-off versus Sidney Crosby in neutral zone.
16:10 of 1st period - Penalty to Braydon Coburn is over, Braydon Coburn is back on ice.
17:22 of 1st period - Eric Gelinas is hit by Brayden Schenn and loses puck.
17:35 of 1st period - Hampus Lindholm is hit by Bobby Ryan and loses puck.
17:50 of 1st period - Taylor Chorney is hit by Hampus Lindholm and loses puck.
18:45 of 1st period - Nate Prosser is hit by Pontus Aberg and loses puck.
19:41 of 1st period - John Klingberg is hit by Reilly Smith and loses puck.
Goals for this period are 0 for Maple Leafs vs 1 for Senateurs.
Shots for this period are 6 for Maple Leafs vs 7 for Senateurs.
2nd period
0:01 of 2nd period - Sidney Crosby wins face-off versus Brayden Schenn in neutral zone.
0:10 of 2nd period - Slapshot by Rostislav Olesz.
0:10 of 2nd period - Stopped by Martin Jones without a rebound.
0:11 of 2nd period - Brayden Schenn wins face-off versus Sidney Crosby in Maple Leafs zone.
0:11 of 2nd period - Brayden Schenn is hit by Reilly Smith.
0:23 of 2nd period - John Klingberg is hit by Reilly Smith.
0:37 of 2nd period - Hampus Lindholm is hit by Jean-Gabriel Pageau and loses puck.
0:44 of 2nd period - Backhand shot by Rickard Rakell.
0:44 of 2nd period - Shot Blocked by Andre Burakovsky.
0:46 of 2nd period - Snap shot by Jean-Gabriel Pageau.
0:46 of 2nd period - Shot Misses the Net.
0:48 of 2nd period - Snap shot by Rickard Rakell.
0:48 of 2nd period - Stopped by Martin Jones with a rebound.
0:50 of 2nd period - Snap shot by Matt Martin.
0:50 of 2nd period - Shot Misses the Net.
1:02 of 2nd period - Snap shot by Loui Eriksson.
1:02 of 2nd period - Shot Misses the Net.
1:04 of 2nd period - Wrist shot by Sergei Kostitsyn.
1:04 of 2nd period - Stopped by Martin Jones without a rebound.
1:05 of 2nd period - Brayden Schenn wins face-off versus Peter Mueller in Maple Leafs zone.
1:20 of 2nd period - Patrick Kane is hit by Loui Eriksson and loses puck.
1:35 of 2nd period - Slapshot by Peter Mueller.
1:35 of 2nd period - Shot Blocked by Patrick Kane.
1:43 of 2nd period - Backhand shot by Claude Giroux.
1:43 of 2nd period - Stopped by Viktor Fasth with a rebound.
1:52 of 2nd period - Snap shot by Claude Giroux.
1:52 of 2nd period - Stopped by Viktor Fasth without a rebound.
1:53 of 2nd period - Bo Horvat wins face-off versus Reilly Smith in Senateurs zone.
2:20 of 2nd period - John Klingberg is hit by Matt Martin and loses puck.
2:25 of 2nd period - Wrist shot by Jean-Gabriel Pageau.
2:25 of 2nd period - Shot Misses the Net.
4:05 of 2nd period - Off-side.
4:06 of 2nd period - Sidney Crosby wins face-off versus Brayden Schenn in neutral zone.
4:33 of 2nd period - Bo Horvat is hit by Rickard Rakell and loses puck.
4:56 of 2nd period - Michael Raffl is hit by Beau Bennett and loses puck.
6:42 of 2nd period - Icing by Taylor Chorney.
6:43 of 2nd period - Patrick Kane wins face-off versus Rostislav Olesz in Senateurs zone.
7:02 of 2nd period - Snap shot by Rostislav Olesz.
7:02 of 2nd period - Shot Misses the Net.
7:12 of 2nd period - Wrist shot by Reilly Smith.
7:12 of 2nd period - Deflect By Sidney Crosby.
7:12 of 2nd period - Stopped by Martin Jones without a rebound.
7:13 of 2nd period - Bo Horvat wins face-off versus Jean-Gabriel Pageau in Maple Leafs zone.
7:15 of 2nd period - Major Penalty to Andre Burakovsky for Kneeing.
7:16 of 2nd period - Sidney Crosby wins face-off versus Brayden Schenn in Maple Leafs zone.
7:20 of 2nd period - Slapshot by Matt Martin.
7:20 of 2nd period - Stopped by Martin Jones with a rebound.
8:09 of 2nd period - Claude Giroux is hit by Bobby Ryan and loses puck.
9:04 of 2nd period - Eric Gelinas is hit by Braydon Coburn and loses puck.
9:56 of 2nd period - Loui Eriksson is hit by Jake Guentzel and loses puck.
12:15 of 2nd period - Penalty to Andre Burakovsky is over, Andre Burakovsky is back on ice.
13:45 of 2nd period - Tim Schaller is hit by Brandon Burlon and loses puck.
14:23 of 2nd period - Minor Penalty to Michael Raffl for Interference.
14:24 of 2nd period - Brayden Schenn wins face-off versus Sidney Crosby in Senateurs zone.
14:25 of 2nd period - Slapshot by Claude Giroux.
14:25 of 2nd period - Shot Blocked by Sidney Crosby.
14:27 of 2nd period - Wrist shot by Patrick Kane.
14:27 of 2nd period - Shot Misses the Net.
14:29 of 2nd period - Snap shot by Brayden Schenn.
14:29 of 2nd period - Stopped by Viktor Fasth without a rebound.
14:30 of 2nd period - Brayden Schenn wins face-off versus Sidney Crosby in Senateurs zone.
14:43 of 2nd period - Wrist shot by Claude Giroux.
14:43 of 2nd period - Stopped by Viktor Fasth with a rebound.
14:45 of 2nd period - Wrist shot by Brayden Schenn.
14:45 of 2nd period - Stopped by Viktor Fasth without a rebound.
14:46 of 2nd period - Sidney Crosby wins face-off versus Patrick Kane in Senateurs zone.
16:23 of 2nd period - Penalty to Michael Raffl is over, Michael Raffl is back on ice.
16:34 of 2nd period - Snap shot by Bobby Ryan.
16:34 of 2nd period - Stopped by Martin Jones without a rebound.
16:35 of 2nd period - Logan Couture wins face-off versus Ryan Getzlaf in Maple Leafs zone.
16:40 of 2nd period - Snap shot by Ryan Getzlaf.
16:40 of 2nd period - Shot Misses the Net.
16:42 of 2nd period - Slapshot by Brandon Burlon.
16:42 of 2nd period - Shot Blocked by Braydon Coburn.
16:44 of 2nd period - Snap shot by Michael Raffl.
16:44 of 2nd period - Deflect By Bobby Ryan.
16:44 of 2nd period - Shot Misses the Net.
16:44 of 2nd period - Puck is out of play.
16:45 of 2nd period - Ryan Getzlaf wins face-off versus Logan Couture in Maple Leafs zone.
16:46 of 2nd period - Wrist shot by Bobby Ryan.
16:46 of 2nd period - Shot Blocked by Jon Merrill.
16:48 of 2nd period - Wrist shot by Michael Raffl.
16:48 of 2nd period - Shot Misses the Net.
16:50 of 2nd period - Slapshot by Michael Raffl.
16:50 of 2nd period - Shot Blocked by Jon Merrill.
16:52 of 2nd period - Slapshot by Nate Prosser.
16:52 of 2nd period - Shot Misses the Net.
16:54 of 2nd period - Slapshot by Brandon Burlon.
16:54 of 2nd period - Stopped by Martin Jones with a rebound.
16:56 of 2nd period - Wrist shot by Michael Raffl.
16:56 of 2nd period - Shot Misses the Net.
16:58 of 2nd period - Wrist shot by Bobby Ryan.
16:58 of 2nd period - Stopped by Martin Jones with a rebound.
17:08 of 2nd period - Slapshot by Bobby Ryan.
17:08 of 2nd period - Stopped by Martin Jones without a rebound.
17:09 of 2nd period - Sidney Crosby wins face-off versus Brayden Schenn in Maple Leafs zone.
17:25 of 2nd period - Reilly Smith is hit by Brayden Schenn and loses puck.
17:56 of 2nd period - Ryan Getzlaf is hit by Logan Couture and loses puck.
18:03 of 2nd period - Wrist shot by Logan Couture.
18:03 of 2nd period - Stopped by Viktor Fasth with a rebound.
18:05 of 2nd period - Slapshot by Braydon Coburn.
18:05 of 2nd period - Stopped by Viktor Fasth without a rebound.
18:06 of 2nd period - Sidney Crosby wins face-off versus Claude Giroux in Senateurs zone.
18:08 of 2nd period - Minor Penalty to Sidney Crosby for Hooking.
18:09 of 2nd period - Brayden Schenn wins face-off versus Matt Martin in Senateurs zone.
18:13 of 2nd period - Snap shot by Patrick Kane.
18:13 of 2nd period - Stopped by Viktor Fasth with a rebound.
18:15 of 2nd period - Slapshot by Hampus Lindholm.
18:15 of 2nd period - Shot Misses the Net.
Goals for this period are 0 for Maple Leafs vs 0 for Senateurs.
Shots for this period are 8 for Maple Leafs vs 9 for Senateurs.
3rd period
0:01 of 3rd period - Brayden Schenn wins face-off versus Reilly Smith in neutral zone.
0:08 of 3rd period - Penalty to Sidney Crosby is over, Sidney Crosby is back on ice.
0:14 of 3rd period - Wrist shot by Patrick Kane.
0:14 of 3rd period - Stopped by Viktor Fasth with a rebound.
0:31 of 3rd period - Wrist shot by Jon Merrill.
0:31 of 3rd period - Deflect By Jake Guentzel.
0:31 of 3rd period - Shot Misses the Net.
0:31 of 3rd period - Puck is out of play.
0:32 of 3rd period - Bo Horvat wins face-off versus Sidney Crosby in Senateurs zone.
0:33 of 3rd period - Wrist shot by Andre Burakovsky.
0:33 of 3rd period - Stopped by Viktor Fasth with a rebound.
1:40 of 3rd period - Slapshot by Sidney Crosby.
1:40 of 3rd period - Stopped by Martin Jones with a rebound.
1:58 of 3rd period - Icing by Nate Prosser.
1:59 of 3rd period - Peter Mueller wins face-off versus Jake Guentzel in Senateurs zone.
2:04 of 3rd period - Backhand shot by Sergei Kostitsyn.
2:04 of 3rd period - Stopped by Martin Jones with a rebound.
2:12 of 3rd period - Slapshot by Jon Merrill.
2:12 of 3rd period - Stopped by Viktor Fasth without a rebound.
2:13 of 3rd period - Brayden Schenn wins face-off versus Sidney Crosby in Senateurs zone.
2:28 of 3rd period - Wrist shot by Rostislav Olesz.
2:28 of 3rd period - Shot Misses the Net.
2:48 of 3rd period - Wrist shot by Matt Martin.
2:48 of 3rd period - Shot Misses the Net.
3:31 of 3rd period - Snap shot by Brayden Schenn.
3:31 of 3rd period - Stopped by Viktor Fasth without a rebound.
3:32 of 3rd period - Brayden Schenn wins face-off versus Reilly Smith in Senateurs zone.
3:59 of 3rd period - Jake Guentzel is hit by Jean-Gabriel Pageau and loses puck.
4:11 of 3rd period - Icing by Bo Horvat.
4:12 of 3rd period - Sidney Crosby wins face-off versus Andre Burakovsky in Maple Leafs zone.
4:13 of 3rd period - Slapshot by Rostislav Olesz.
4:13 of 3rd period - Shot Misses the Net.
4:19 of 3rd period - Slapshot by Hampus Lindholm.
4:19 of 3rd period - Shot Blocked by Mike Green.
4:21 of 3rd period - Slapshot by John Klingberg.
4:21 of 3rd period - Stopped by Viktor Fasth with a rebound.
4:23 of 3rd period - Slapshot by John Klingberg.
4:23 of 3rd period - Stopped by Viktor Fasth with a rebound.
4:29 of 3rd period - Backhand shot by Bo Horvat.
4:29 of 3rd period - Shot Misses the Net.
4:53 of 3rd period - Wrist shot by Brayden Schenn.
4:53 of 3rd period - Deflect By Patrick Kane.
4:53 of 3rd period - Shot Blocked by Matt Martin.
4:53 of 3rd period - Puck is out of play.
4:54 of 3rd period - Jean-Gabriel Pageau wins face-off versus Brayden Schenn in Senateurs zone.
5:03 of 3rd period - Slapshot by Patrick Kane.
5:03 of 3rd period - Shot Misses the Net.
5:07 of 3rd period - Snap shot by Claude Giroux.
5:07 of 3rd period - Shot Blocked by Taylor Chorney.
6:05 of 3rd period - Ryan Parent is hit by Peter Mueller.
6:14 of 3rd period - Snap shot by Tim Schaller.
6:14 of 3rd period - Shot Misses the Net.
6:50 of 3rd period - Off-side.
6:51 of 3rd period - Rickard Rakell wins face-off versus Bo Horvat in neutral zone.
6:56 of 3rd period - Slapshot by Rickard Rakell.
6:56 of 3rd period - Stopped by Martin Jones with a rebound.
7:07 of 3rd period - Matt Martin is hit by Andre Burakovsky.
7:08 of 3rd period - Icing by Matt Martin.
7:09 of 3rd period - Jean-Gabriel Pageau wins face-off versus Brayden Schenn in Senateurs zone.
7:18 of 3rd period - Snap shot by Claude Giroux.
7:18 of 3rd period - Stopped by Viktor Fasth with a rebound.
7:20 of 3rd period - Slapshot by Hampus Lindholm.
7:20 of 3rd period - Shot Misses the Net.
7:22 of 3rd period - Wrist shot by Claude Giroux.
7:22 of 3rd period - Shot Blocked by Matt Martin.
7:56 of 3rd period - Slapshot by Ryan Getzlaf.
7:56 of 3rd period - Shot Blocked by Braydon Coburn.
7:58 of 3rd period - Slapshot by Bobby Ryan.
7:58 of 3rd period - Stopped by Martin Jones with a rebound.
8:00 of 3rd period - Slapshot by Cody Franson.
8:00 of 3rd period - Shot Blocked by Beau Bennett.
8:02 of 3rd period - Slapshot by Cody Franson.
8:02 of 3rd period - Stopped by Martin Jones without a rebound.
8:03 of 3rd period - Brayden Schenn wins face-off versus Jean-Gabriel Pageau in Maple Leafs zone.
8:15 of 3rd period - Snap shot by Matt Martin.
8:15 of 3rd period - Stopped by Martin Jones with a rebound.
8:17 of 3rd period - Slapshot by Rickard Rakell.
8:17 of 3rd period - Shot Misses the Net.
8:19 of 3rd period - Slapshot by Matt Martin.
8:19 of 3rd period - Goal by Matt Martin - Maple Leafs : 0 - Senateurs : 2.
8:20 of 3rd period - Brayden Schenn wins face-off versus Sidney Crosby in neutral zone.
8:36 of 3rd period - Snap shot by Claude Giroux.
8:36 of 3rd period - Deflect By Brayden Schenn.
8:36 of 3rd period - Stopped by Viktor Fasth with a rebound.
8:56 of 3rd period - Slapshot by Eric Gelinas.
8:56 of 3rd period - Deflect By Rickard Rakell.
8:56 of 3rd period - Stopped by Martin Jones with a rebound.
8:58 of 3rd period - Snap shot by Matt Martin.
8:58 of 3rd period - Shot Misses the Net.
9:53 of 3rd period - Off-side.
9:54 of 3rd period - Jean-Gabriel Pageau wins face-off versus Patrice Cormier in neutral zone.
10:05 of 3rd period - Slapshot by Rickard Rakell.
10:05 of 3rd period - Stopped by Martin Jones with a rebound.
10:09 of 3rd period - Snap shot by Jean-Gabriel Pageau.
10:09 of 3rd period - Shot Misses the Net.
10:29 of 3rd period - Wrist shot by Rostislav Olesz.
10:29 of 3rd period - Shot Misses the Net.
10:41 of 3rd period - Slapshot by Peter Mueller.
10:41 of 3rd period - Stopped by Martin Jones with a rebound.
11:07 of 3rd period - Pontus Aberg is hit by Ryan Getzlaf and loses puck.
11:18 of 3rd period - Slapshot by Pontus Aberg.
11:18 of 3rd period - Stopped by Viktor Fasth with a rebound.
11:24 of 3rd period - Snap shot by Pontus Aberg.
11:24 of 3rd period - Shot Misses the Net.
11:26 of 3rd period - Wrist shot by Patrice Cormier.
11:26 of 3rd period - Stopped by Viktor Fasth with a rebound.
11:28 of 3rd period - Wrist shot by Tim Schaller.
11:28 of 3rd period - Shot Misses the Net.
11:54 of 3rd period - Wrist shot by Tim Schaller.
11:54 of 3rd period - Stopped by Viktor Fasth with a rebound.
11:56 of 3rd period - Slapshot by John Klingberg.
11:56 of 3rd period - Stopped by Viktor Fasth without a rebound.
11:57 of 3rd period - Sidney Crosby wins face-off versus Brayden Schenn in Senateurs zone.
12:02 of 3rd period - Ryan Parent is hit by Reilly Smith and loses puck.
12:23 of 3rd period - Bo Horvat is hit by Eric Gelinas and loses puck.
12:44 of 3rd period - Nate Prosser is hit by Logan Couture and loses puck.
13:05 of 3rd period - Sidney Crosby is hit by Hampus Lindholm and loses puck.
13:14 of 3rd period - Wrist shot by Brayden Schenn.
13:14 of 3rd period - Shot Misses the Net.
13:29 of 3rd period - Snap shot by Jean-Gabriel Pageau.
13:29 of 3rd period - Stopped by Martin Jones without a rebound.
13:30 of 3rd period - Logan Couture wins face-off versus Jean-Gabriel Pageau in Maple Leafs zone.
13:41 of 3rd period - Wrist shot by Beau Bennett.
13:41 of 3rd period - Deflect By Brandon Saad.
13:41 of 3rd period - Goal by Brandon Saad - Maple Leafs : 1 - Senateurs : 2.
13:42 of 3rd period - Sidney Crosby wins face-off versus Patrick Kane in neutral zone.
13:53 of 3rd period - Snap shot by Reilly Smith.
13:53 of 3rd period - Stopped by Martin Jones with a rebound.
14:09 of 3rd period - John Klingberg is hit by Eric Gelinas and loses puck.
16:19 of 3rd period - Snap shot by Bobby Ryan.
16:19 of 3rd period - Shot Blocked by Bo Horvat.
16:23 of 3rd period - Snap shot by Bobby Ryan.
16:23 of 3rd period - Shot Blocked by Braydon Coburn.
17:16 of 3rd period - Rickard Rakell is hit by Zach Werenski and loses puck.
17:50 of 3rd period - Brandon Burlon is hit by Braydon Coburn and loses puck.
18:31 of 3rd period - Mike Green is hit by Zach Werenski and loses puck.
19:04 of 3rd period - Ryan Parent is hit by Matt Martin and loses puck.
Goals for this period are 1 for Maple Leafs vs 1 for Senateurs.
Shots for this period are 13 for Maple Leafs vs 12 for Senateurs.